 Dungeon Crawl Stone Soup version 0.29-a0-517-gbdf32494f2 (console) character file.

Game seed: 1685525638372393958

97881 zeria the Severer (level 15, -10/120 HPs)
             Began as a Mummy Wanderer on May 30, 2022.
             Was an Initiate of Gozag.
             Killed from afar by a molten gargoyle (27 damage)
             ... with a bolt of magma
             ... on level 15 of the Dungeon.
             The game lasted 00:56:38 (30771 turns).

zeria the Severer (Mummy Wanderer)                 Turns: 30771, Time: 00:56:39

Health: -10/120    AC: 25    Str: 19    XL:     15   Next: 73%
Magic:  19/19      EV:  7    Int: 15    God:    Gozag
Gold:   7711       SH:  8    Dex: 15    Spells: 19/19 levels left

rFire   . . .      SeeInvis .   a - +7 broad axe (freeze)
rCold   + . .      Faith    .   D - +2 buckler
rNeg    + + +      Spirit   .   s - +0 plate armour {rF+}
rPois   ∞          Reflect  .   e - +1 helmet {Int+3}
rElec   .          Harm     .   k - scarf {+Inv}
rCorr   .          Rampage  .   i - +0 pair of gloves
Will    +....                   o - +1 pair of boots
Stlth   ..........              A - amulet of regeneration
HPRegen 1.10/turn               f - +4 ring of evasion
MPRegen 0.16/turn               H - +4 ring of protection

@: constricted
A: cold resistance 1, negative energy resistance 3, torment resistance 2, heat
vulnerability 1, in touch with death 2, no potions
a: Renounce Religion, Evoke Invisibility, Potion Petition, Call Merchant, Bribe
Branch


You were on level 15 of the Dungeon.
You worshipped Gozag.
Gozag was greatly pleased with you.
You visited 3 branches of the dungeon, and saw 23 of its levels.
You also visited: Bailey and Volcano.

You collected 8549 gold pieces.
You spent 349 gold pieces at shops.
You paid 489 gold pieces to Gozag.

Inventory:

Hand Weapons
 a - a +7 broad axe of freezing (weapon)
 b - a +1 war axe of flaming
Missiles
 c - 40 poisoned darts
 l - 2 throwing nets
 z - 3 curare-tipped darts (quivered)
Armour
 e - a +1 helmet of intelligence (worn)
 h - a +0 kite shield
 i - a +0 pair of gloves (worn)
 k - a scarf of invisibility (worn)
 o - a +1 pair of boots (worn)
 s - a +0 plate armour of fire resistance (worn)
 D - a +2 buckler (worn)
Jewellery
 f - a +4 ring of evasion (left hand)
 m - an amulet of guardian spirit
 n - a ring of protection from cold
 x - a ring of flight
 A - an amulet of regeneration (around neck)
 B - an amulet of reflection
 E - a ring of resist corrosion
 H - a +4 ring of protection (right hand)
Wands
 g - a wand of flame (14)
 r - a wand of iceblast (2)
Scrolls
 d - 5 scrolls of vulnerability
 j - a scroll of fear
 p - 3 scrolls of magic mapping
 q - 2 scrolls of blinking
 t - 13 scrolls of teleportation
 u - 6 scrolls of summoning
 v - 4 scrolls of enchant armour
 w - 4 scrolls of immolation
 y - a scroll of amnesia
 C - 4 scrolls of fog
 F - 2 scrolls of poison
 G - 5 scrolls of brand weapon


   Skills:
 - Level 12.0 Fighting
 - Level 18.0 Axes
 - Level 2.0 Throwing
 + Level 10.4 Armour
 - Level 1.0 Stealth
 - Level 7.0 Shields
 - Level 2.6 Spellcasting
 - Level 4.0 Evocations


You had 19 spell levels left.
You didn't know any spells.
Your spell library contained the following spells:

 Spells                   Type           Power      Damage    Failure   Level
 Apportation              Tloc           4%         N/A       99%         1
 Necrotize                Necr           16%        1d4       99%         1
 Shock                    Conj/Air       8%         1d3       99%         1
 Slow                     Hex            8%         N/A       99%         1
 Summon Small Mammal      Summ           8%         N/A       99%         1
 Blink                    Tloc           4%         N/A       100%        2
 Static Discharge         Conj/Air       2%         N/A       100%        2
 Call Canine Familiar     Summ           2%         N/A       100%        3
 Confusing Touch          Hex            2%         N/A       100%        3
 Inner Flame              Hex/Fire       2%         N/A       100%        3
 Lesser Beckoning         Tloc           2%         N/A       100%        3
 Portal Projectile        Hex/Tloc       4%         N/A       100%        3
 Summon Guardian Golem    Hex/Summ       2%         N/A       100%        3
 Tukima's Dance           Hex            2%         N/A       100%        3
 Vampiric Draining        Necr           4%         2d6       100%        3
 Cause Fear               Hex            1%         N/A       100%        4
 Dispel Undead            Necr           4%         3d7       100%        4
 Sticky Flame             Conj/Fire      2%         2d3       100%        4
 Manifold Assault         Tloc           2%         N/A       100%        5
 Yara's Violent Unravell  Hex/Tmut       1%         3d3       100%        5
 Death Channel            Necr           2%         N/A       100%        6
 Enfeeble                 Hex            1%         N/A       100%        7
 Summon Hydra             Summ           1%         N/A       100%        7
 Discord                  Hex            1%         N/A       100%        8
 Maxwell's Capacitive Co  Air            1%         ∞         100%        8
 Sublimation of Blood     Necr           Unusable   N/A       N/A         2
 Wereblood                Tmut           Unusable   N/A       N/A         2
 Corpse Rot               Necr/Pois/Air  Unusable   N/A       N/A         4
 Blade Hands              Tmut           Unusable   N/A       N/A         5
 Storm Form               Tmut/Air       Unusable   N/A       N/A         7

Dungeon Overview and Level Annotations

Branches:
Dungeon (15/15)            Temple (0/1) D:6            Lair (6/6) D:11
  Swamp (0/4) Lair:2        Snake (0/4) Lair:4          Orc (2/2) D:12
    Elf (0/3) Orc:2        Vaults (0/5) D:13         Depths (0/4) D:15
 Bailey (visited)         Volcano (visited)
  Slime: Lair:5-6

Altars:
Ashenzari
Dithmenos
Gozag
Hepliaklqana
Nemelex Xobeh
Ru
Sif Muna
Trog
Uskayaw
Wu Jian
The Shining One
Beogh
Jiyva

Shops:
D:4 !   D:6 (=?(   Orc:2 =[([*

Annotations:
D:13 3 runed translucent doors, Wekar's ghost, journeyman MiFi
Lair:3 3 runed translucent doors, Dymuschiq's ghost, journeyman MfGl
Lair:6 1 runed translucent door


Innate Abilities, Weirdness & Mutations

You are immune to poison.
Your flesh is cold resistant. (rC+)
You are immune to negative energy. (rN+++)
You are immune to unholy pain and torment.
You are vulnerable to heat. (rF-)
You are strongly in touch with the powers of death.
You do not drink.


Message History

The naga warrior is heavily wounded.
You hit the molten gargoyle but do no damage.
The naga warrior hits you with a +1 broad axe of flaming.
The naga warrior burns you. The naga warrior constricts you.
The molten gargoyle hits you but does no damage.
You hit the molten gargoyle but do no damage.
You hit the naga warrior. You freeze the naga warrior.
The naga warrior completely misses you. The naga warrior constricts you.
The molten gargoyle barely misses you.
The naga warrior hits you with a +1 broad axe of flaming.
The naga warrior burns you. The naga warrior constricts you.
The molten gargoyle blasts magma at you!
The bolt of magma misses you.
You slash the molten gargoyle! You freeze the molten gargoyle.
The molten gargoyle is heavily damaged.
You hit the naga warrior but do no damage.
The naga warrior hits you with a +1 broad axe of flaming.
The naga warrior burns you. The naga warrior constricts you.
The molten gargoyle hits you but does no damage.
You hit the molten gargoyle but do no damage.
The molten gargoyle is heavily damaged.
The naga warrior blocks your attack. The naga warrior spits poison at you.
The splash of poison hits you but does no damage.
You resist. The naga warrior constricts you.
The molten gargoyle hits you with a +1 lajatang of flaming!
You are engulfed in flames!
The molten gargoyle burns you.
* * * LOW HITPOINT WARNING * * *
You hit the molten gargoyle. You freeze the molten gargoyle.
The molten gargoyle is heavily damaged.
The naga warrior blocks your attack.
The naga warrior hits you with a +1 broad axe of flaming!
* * * LOW HITPOINT WARNING * * *
The naga warrior burns you.
* * * LOW HITPOINT WARNING * * *
The naga warrior constricts you.
The molten gargoyle blasts magma at you!
The bolt of magma hits you!!
You die...
Your body crumbles into a pile of gold.

#.# #.... #.# ##### #.# #.# .
####.## #######
.§#######§....# #.....#
.§§§§§§§§§§..## #.....#
#§§§§§§9§§§.## #.....#
..§§§§§N@...## #.....#
..#######§.#$### ##.....[
#####..# #....#.#
#.#.#)###.####.# ##........#
#.# ##.#.##..# ##.
#.#.##..###### #.#<.....#...#
#################.#.##........


You could see a naga warrior (fast, catching breath) and a molten gargoyle
(fast).

Vanquished Creatures
  Saint Roka (Orc:2)
  Gastronok (Orc:1)
  Nessos (D:12)
  Snorg (D:11)
  3 vault guards (D:13)
  Fannar (Lair:2)
  4 boulder beetles
  2 centaur warriors (D:15)
  6 hydras
  A spriggan skeleton (D:15)
  A two-headed ogre (D:14)
  5 death yaks
  3 tengu warriors
  An orc high priest (Orc:2)
  A skeletal warrior (D:15)
  A golden dragon skeleton (D:15)
  3 wizards (D:13)
  2 deep elf pyromancers
  A necromancer (D:15)
  A phantasmal warrior (D:15)
  3 orc knights
  A wolf spider (shapeshifter) (D:15)
  2 orc sorcerers
  A fire giant zombie (D:15)
  A frost giant zombie (D:15)
  10 ugly things
  3 manticores
  14 elephants
  3 cyclopes
  9 black mambas
  A gargoyle (D:12)
  11 cane toads
  Maggie (D:10)
  3 unseen horrors
  12 rime drakes
  8 komodo dragons
  A freezing wraith (D:14)
  3 kobold demonologists
  A tengu conjurer (D:10)
  A red devil (Volcano)
  A guardian mummy (D:15)
  A troll (shapeshifter) (D:14)
  3 trolls
  6 polar bears
  Grinder (D:6)
  A hornet (D:11)
  7 dream sheep
  24 blink frogs
  5 slime creatures (D:12)
  A raiju (Lair:6)
  3 shadows
  A spriggan (D:15)
  A vampire (D:14)
  45 yaks
  7 basilisks
  4 wraiths
  A wyvern (Lair:1)
  6 fire bats (Volcano)
  17 humans (D:13)
  6 wargs
  13 vampire mosquitoes
  3 nagas (Lair:4)
  20 water moccasins
  4 hell hounds (Lair:6)
  Duvessa (D:5)
  An ice beast (D:6)
  2 sky beasts
  A swamp drake (Lair:6)
  42 orc warriors
  14 black bears
  5 ogres
  5 boggarts (D:14)
  25 wolves
  7 centaurs
  A phantom (D:5)
  Blork the orc (D:6)
  12 bullfrogs
  3 kobold brigands
  2 gnoll sergeants
  A scorpion (D:7)
  A necrophage (D:4)
  4 wights
  Dowan (D:5)
  11 killer bees
  5 howler monkeys
  5 lava snakes (Volcano)
  A crimson imp (D:11)
  4 hounds
  Crazy Yiuf (D:3)
  A jelly (D:6)
  18 orc priests
  4 iguanas
  29 orc wizards
  10 gnolls
  5 adders
  2 shadow imps (D:6)
  2 white imps
  A worm (D:4)
  5 dart slugs
  115 orcs
  4 ball pythons
  An endoplasm (D:1)
  3 giant cockroaches
  7 goblins
  12 hobgoblins
  20 kobolds
  A quokka (D:4)
  10 bats
  3 frilled lizards
  5 rats
  A butterfly (Lair:3)
725 creatures vanquished.

Vanquished Creatures (collateral kills)
  A dire elephant (Lair:4)
  2 hydras
  A sun demon (Volcano)
  An orc sorcerer (Volcano)
  A molten gargoyle (Volcano)
  A torpor snail (Lair:4)
  4 red devils (Volcano)
  5 yaks (Lair:6)
  A hell hound (Lair:6)
  A wolf (Lair:6)
  2 orcs (Orc:2)
20 creatures vanquished.

Vanquished Creatures (others)
  A tengu conjurer (D:14)
  2 bushes (Lair:3)
  38 fungi
  80 plants
  11 withered plants (D:15)
132 creatures vanquished.

Grand Total: 877 creatures vanquished

Notes
Turn   | Place    | Note
-------+----------+-------------------------------------------
     0 | D:1      | zeria the Mummy Wanderer began the quest for the Orb.
     0 | D:1      | zeria set off with the following items: a +0 club, 2
                  | scrolls of fog, a +0 chain mail; and the following spell
                  | memorised: Necrotize; and the following spells available to
                  | memorise: Vampiric Draining
     0 | D:1      | Reached XP level 1. HP: 13/13 MP: 4/4
   314 | D:1      | Reached skill level 1 in Fighting
   693 | D:1      | Reached XP level 2. HP: 18/22 MP: 5/5
   853 | D:1      | Found a faded altar of an unknown god.
  2763 | D:3      | Gained mutation: You are in touch with the powers of death.
                  | [Mummy growth]
  2763 | D:3      | Reached XP level 3. HP: 24/28 MP: 7/7
  2898 | D:3      | Found a runed translucent door.
  2899 | D:3      | Noticed Crazy Yiuf
  3094 | D:3      | Found an opulent altar of Gozag.
  3095 | D:3      | Found a sparkling altar of Nemelex Xobeh.
  3107 | D:2      | Reached skill level 1 in Axes
  3107 | D:2      | Reached XP level 4. HP: 30/34 MP: 8/8
  3241 | D:3      | Became a worshipper of Gozag Ym Sagoz the Greedy
  3425 | D:3      | Found a shimmering blue altar of Sif Muna.
  3443 | D:3      | Found a sacrificial altar of Ru.
  3446 | D:3      | Found a hide-covered altar of Uskayaw.
  4354 | D:4      | Reached skill level 2 in Axes
  4425 | D:4      | Found Nipoc's Distillery.
  4571 | D:4      | Reached XP level 5. HP: 33/41 MP: 9/9
  4950 | D:5      | Entered Level 5 of the Dungeon
  4960 | D:5      | Noticed a phantom
  5030 | D:5      | Killed a phantom
  5042 | D:5      | Reached skill level 3 in Axes
  5238 | D:5      | Reached XP level 6. HP: 38/47 MP: 10/10
  5851 | D:5      | Noticed a water moccasin
  5869 | D:4      | Killed a water moccasin
  5870 | D:4      | Reached skill level 4 in Axes
  5870 | D:4      | Reached XP level 7. HP: 29/52 MP: 11/11
  6122 | D:6      | Noticed Grinder
  6470 | D:5      | Noticed Dowan
  6470 | D:5      | Noticed Duvessa
  6857 | D:6      | Killed Grinder
  6858 | D:6      | Reached skill level 5 in Axes
  7151 | D:6      | Found a staircase to the Ecumenical Temple.
  7368 | D:6      | Reached skill level 6 in Axes
  7403 | D:6      | Reached XP level 8. HP: 46/58 MP: 12/12
  7476 | D:6      | Found Lyut's Magic Scroll Boutique.
  7477 | D:6      | Found Voykh's Antique Weapon Boutique.
  7484 | D:6      | Found Raiteqer's Antique Weapon Boutique.
  7484 | D:6      | Found Zabeythreror's Jewellery Boutique.
  7500 | D:6      | Bought a glowing broad axe for 196 gold pieces
  7605 | D:6      | Bought a scroll of noise for 11 gold pieces
  7823 | D:6      | Noticed Blork the orc
  7987 | D:6      | Killed Blork the orc
  8212 | D:6      | Reached skill level 7 in Axes
  8328 | D:5      | Killed Duvessa
  8519 | D:5      | Killed Dowan
  8616 | D:5      | Found an ornate altar of the Wu Jian Council.
  8822 | D:3      | Killed Crazy Yiuf
  8823 | D:3      | Reached skill level 8 in Axes
  9192 | D:7      | Reached XP level 9. HP: 51/63 MP: 13/13
  9929 | D:8      | Found a flagged portal.
  9954 | Bailey   | Entered a bailey
 10163 | Bailey   | Reached skill level 9 in Axes
 10488 | Bailey   | Noticed an orc knight
 10488 | Bailey   | Noticed an orc knight
 10542 | Bailey   | Killed an orc knight
 10545 | Bailey   | Killed an orc knight
 10546 | Bailey   | Reached skill level 10 in Axes
 11403 | D:8      | Reached skill level 1 in Shields
 11403 | D:8      | Reached XP level 10. HP: 70/70 MP: 14/14
 11432 | D:7      | Reached skill level 11 in Axes
 11672 | D:8      | Found a hazy altar of Hepliaklqana.
 13396 | D:9      | Got Zuhacuko's Disquisition on Feathers
 13840 | D:9      | Found a bloodstained altar of Trog.
 13954 | D:10     | Entered Level 10 of the Dungeon
 14045 | D:10     | Reached skill level 5 in Shields
 14057 | D:10     | Noticed Maggie
 14103 | D:10     | Killed Maggie
 14104 | D:10     | Reached skill level 12 in Axes
 14194 | D:10     | Reached XP level 11. HP: 38/75 MP: 15/15
 14366 | D:10     | Noticed a boulder beetle
 14543 | D:10     | Found a broken altar of Ashenzari.
 14887 | D:10     | Killed a boulder beetle
 15035 | D:11     | Noticed an eight-headed hydra
 15042 | D:11     | Killed an eight-headed hydra
 15459 | D:11     | Noticed Snorg
 15663 | D:11     | Noticed a deep elf pyromancer
 15686 | D:11     | Found a staircase to the Lair.
 15748 | Lair:1   | Entered Level 1 of the Lair of Beasts
 15999 | Lair:1   | Reached skill level 5 in Fighting
 16266 | Lair:1   | Reached skill level 13 in Axes
 17588 | Lair:2   | Found a staircase to the Swamp.
 18207 | Lair:3   | Reached XP level 12. HP: 68/89 MP: 16/16
 18564 | Lair:3   | Found a runed translucent gate.
 18564 | Lair:3   | Found a runed translucent gate.
 18564 | Lair:3   | Found a runed translucent gate.
 18564 | Lair:3   | Noticed Dymuschiq's ghost (journeyman MfGl)
 18565 | Lair:3   | Noticed a minotaur
 18716 | Lair:3   | Noticed Fannar
 18735 | Lair:2   | Killed Fannar
 18850 | Lair:3   | Noticed an eight-headed hydra
 18858 | Lair:3   | Killed an eight-headed hydra
 19194 | Lair:3   | Reached skill level 14 in Axes
 19781 | Lair:4   | Found a staircase to the Snake Pit.
 19872 | Lair:4   | Found a frozen archway.
 19928 | Lair:4   | Found a dark tunnel.
 19934 | Volcano  | Entered a volcano
 20015 | Volcano  | Gained mutation: You are strongly in touch with the powers
                  | of death. [Mummy growth]
 20015 | Volcano  | Reached XP level 13. HP: 103/103 MP: 17/17
 20076 | Volcano  | Reached skill level 10 in Fighting
 20227 | Volcano  | Found a burning altar of Makhleb.
 20996 | Lair:4   | Noticed a dire elephant
 21047 | Lair:4   | Killed a dire elephant
 21048 | Lair:4   | Reached skill level 5 in Armour
 22083 | Lair:5   | Reached skill level 15 in Axes
 22535 | Lair:6   | Entered Level 6 of the Lair of Beasts
 22809 | Lair:6   | Reached XP level 14. HP: 74/114 MP: 18/18
 23418 | Lair:6   | Found a runed translucent door.
 23419 | Lair:6   | Found a viscous altar of Jiyva.
 23419 | Lair:6   | Noticed an azure jelly
 23420 | Lair:6   | Noticed an azure jelly
 23694 | Lair:6   | Reached skill level 16 in Axes
 24101 | D:11     | Killed Snorg
 24285 | D:12     | Found a staircase to the Orcish Mines.
 24702 | D:12     | Noticed Nessos
 24731 | D:12     | Killed Nessos
 25177 | Orc:1    | Entered Level 1 of the Orcish Mines
 25386 | Orc:2    | Entered Level 2 of the Orcish Mines
 25486 | Orc:2    | Found Ziynnicu's Antique Armour Shop.
 25539 | Orc:2    | Found a staircase to the Elven Halls.
 25915 | Orc:2    | Reached skill level 17 in Axes
 26054 | Orc:2    | Found Hitto's Jewellery Shop.
 26242 | Orc:2    | Noticed Saint Roka
 26312 | Orc:2    | Killed Saint Roka
 26484 | Orc:2    | Found Zolan's Assorted Antiques.
 26591 | Orc:2    | Found Oriep's Antique Armour Shoppe.
 26614 | Orc:2    | Found Pafionwi's Antique Weapon Emporium.
 26623 | Orc:2    | Bought a runed helmet for 142 gold pieces
 26732 | Orc:1    | Noticed Gastronok
 26791 | Orc:1    | Killed Gastronok
 27110 | D:13     | Found a runed translucent gate.
 27112 | D:13     | Found a runed translucent gate.
 27112 | D:13     | Noticed Wekar's ghost (journeyman MiFi)
 27115 | D:13     | Found a runed translucent gate.
 27659 | D:13     | Reached XP level 15. HP: 120/120 MP: 19/19
 28286 | D:13     | Found a gate to the Vaults.
 29429 | D:15     | Entered Level 15 of the Dungeon
 29441 | D:15     | Reached skill level 18 in Axes
 29823 | D:15     | Found a staircase to the Depths.
 30301 | D:15     | Reached skill level 10 in Armour
 30448 | D:15     | HP: 2/120 [deep elf pyromancer/bolt of fire (43)]
 30687 | D:15     | Found a shadowy altar of Dithmenos.
 30771 | D:15     | Killed from afar by a molten gargoyle

Illustrated notes

Levels and vault maps discovered:
D:1:      amcnicky_arrival_underground_garden, layout_loops_ring,
          hellmonk_ecumenical_altar_leap_of_faith, hex_large
D:2:      layout_loops_cross
D:3:      layout_loops_ring, grunt_temple_overflow_open,
          grunt_temple_overflow_opulence, uniq_crazy_yiuf_cottage
D:4:      layout_loops_ring, serial_shops, nicolae_shop_crystal
D:5:      layout_rooms, pdpol_wu_jian_five_deadly_venoms, uniq_duvessa
D:6:      layout_basic, minmay_temple_entry_grid, minmay_shop_grid_forest,
          uniq_blork_the_orc, uniq_grinder
D:7:      layout_loops_ring, serial_glass, glass_columns_b, glass_columns_a
D:8:      layout_gridville, tso_oasis_becter, mainiacjoe_overflow_alcove_4,
          enter_bailey_4, hangedman_abyss_or_decor_lesser_grid
D:9:      layout_gridville, trog_hazing_becter, minivault_11, evilmike_minifort
D:10:     layout_basic, ashenzari_conservatory_becter, uniq_maggie
D:11:     layout_cross, david_lair_shrubbed, grunt_ministairs_13,
          minmay_fire_ice_demons, uniq_snorg
D:12:     layout_loops_cross, erik_orc_4, uniq_nessos
D:13:     layout_basic, grunt_vaults_entry_tiered, gammafunk_ghost_nasty_kobolds
D:14:     layout_basic, nrook_mini_backslash, drop_trap
D:15:     gammafunk_depths_entry_grave, layout_loops_cross,
          grunt_dithmenos_shadows, beargit_hepliaklqana_dungeon_heroes
Lair:1:   layout_layer_cave, grunt_megastairs_4
Lair:2:   layout_small_grid, minmay_swamp_entry_swarm
Lair:3:   layout_loops_ring, maelrawn_ghost_gauntlet_escape, minivault_23,
          roderic_batcave, lemuel_fruit_fields, uniq_fannar
Lair:4:   nzn_winding_woodlands_cross [nzn_winding_woodlands_5x15_garden,
          nzn_winding_woodlands_5x15_sawtooth, nzn_winding_woodlands_5x15_cabin,
          nzn_winding_woodlands_5x15_jagged,
          nzn_winding_woodlands_15x15_thick_spiral], layout_cave_shapes,
          guppyfry_snake_entry_island, portal_ice_cave_rime,
          nicolae_volcano_entry_hallway, chequers_serial_rivers_micro_b
Lair:5:   layout_big_grid
Lair:6:   guppyfry_lair_end_dragon, layout_regular_city,
          hangedman_lair_caniforms_friends, slime_altar_2,
          minmay_lair_drake_nest, grunt_megastairs_5
Orc:1:    layout_caves, mines2_lemuel, uniq_gastronok
Orc:2:    grunt_orc_community_town_hall, layout_caves,
          grunt_orc_community_big_house_2, grunt_orc_community_big_house_2,
          grunt_orc_community_house_3, grunt_orc_community_house_1,
          grunt_orc_community_house_1, grunt_orc_community_house_2,
          grunt_orc_community_house_2, serial_shops,
          nicolae_shop_overgrown_old_shop

Skill      XL: |  1  2  3  4  5  6  7  8  9 10 11 12 13 14 15 |
---------------+----------------------------------------------+-----
Fighting       | 1 2 3 6 9 11 12 | 12.0
Axes           | 1 2 3 4 6 8 10 12 13 14 15 17 18 | 18.0
Evocations     | 2 3 4 |  4.0
Throwing       | 2 |  2.0
Shields        | 1 5 7 |  7.0
Armour         | 6 7 10 | 10.4
Stealth        | |  1.0
Spellcasting   | |  2.6

Action                   |  1- 3 |  4- 6 |  7- 9 | 10-12 | 13-15 || total
-------------------------+-------+-------+-------+-------+-------++-------
Melee: Club              |    25 |       |       |       |       ||    25
       Dagger            |    94 |       |       |       |       ||    94
       Hand axe          |    51 |   200 |   141 |       |       ||   392
       Punch             |     1 |     1 |     5 |       |       ||     7
       Broad axe         |       |       |   170 |   626 |  1224 ||  2020
       War axe           |       |       |       |       |    19 ||    19
Throw: Dart              |       |       |       |    41 |     9 ||    50
Invok: Potion Petition   |       |       |       |       |     2 ||     2
Evoke: Wand              |       |       |    17 |    12 |    24 ||    53
  Use: Scroll            |       |     8 |     4 |     9 |    13 ||    34
 Stab: Paralysed         |       |       |    15 |       |     3 ||    18
       Distracted        |       |       |     2 |     3 |    14 ||    19
Armor: Chain mail        |    43 |       |       |       |       ||    43
       Plate armour      |    68 |   196 |   203 |   339 |   697 ||  1503
Dodge: Dodged            |    49 |   113 |   142 |   140 |   267 ||   711
Block: Kite shield       |       |       |     7 |   139 |       ||   146
       Buckler           |       |       |       |   123 |   399 ||   522

Table legend: (Time is in decaauts)
 A = Elapsed time spent in this place.
 B = Non-inter-level travel time spent in this place.
 C = Inter-level travel time spent in this place.
 D = Time resting spent in this place.
 E = Time spent auto-exploring this place.
 F = Levels seen in this place.
 G = Mean time per level.
                   A        B        C        D        E       F      G
               +--------+--------+--------+--------+--------+-----+--------+
         Total |  30745 |  28673 |   2072 |   7224 |  14050 |  25 | 1229.8 |
       Dungeon |  19709 |  18366 |   1343 |   5574 |   8488 |  15 | 1313.9 |
          Lair |   7579 |   6970 |    609 |    863 |   4214 |   6 | 1263.2 |
  Orcish Mines |   1859 |   1740 |    119 |     69 |   1088 |   2 |  929.5 |
        Bailey |   1036 |   1036 |      0 |    584 |    102 |   1 | 1036.0 |
       Volcano |    560 |    560 |      0 |    132 |    158 |   1 |  560.0 |
               +--------+--------+--------+--------+--------+-----+--------+

Top non-repeatable levels by time:
     D:8: 1935 daAuts
     D:6: 1894 daAuts
     D:4: 1684 daAuts
    D:13: 1647 daAuts
     D:3: 1574 daAuts
  Lair:1: 1481 daAuts
     D:2: 1388 daAuts
  Lair:2: 1349 daAuts
  Lair:3: 1342 daAuts
     D:1: 1341 daAuts
  Lair:4: 1304 daAuts
   Orc:2: 1302 daAuts
     D:5: 1285 daAuts
    D:10: 1275 daAuts
  Lair:5: 1268 daAuts
